Unix NetHack Version 5.0.0-0 post-release - last build Jul 14 2026 02:55:29 (1809b74e8187c3a3585e283601c3028b46cbbdcb,branch:main).

Game began 2026-07-17 13:48:13, ended 2026-07-18 01:32:52.

1234561, chaotic male human Barbarian

        -----
        |....#
       #....|#
       #|..<|####
       #-----   #
       ##       #
        #       #
        #       ###
        #
        #
  ------#
  |...@|#
  |..@d|#
  |....-#
  ------

1234561 the Pillager       St:18/01 Dx:16 Co:18 In:7 Wi:7 Ch:8  Chaotic
Dlvl:3  $:0  HP:0(37) Pw:8(8) AC:7  Xp:3 T:1687 

Latest messages:
 Are you waiting to get hit?  Use 'm' prefix to force a no-op (to rest).
 Are you waiting to get hit?  Use 'm' prefix to force a no-op (to rest).
 Are you waiting to get hit?  Use 'm' prefix to force a no-op (to rest).
 Are you waiting to get hit?  Use 'm' prefix to force a no-op (to rest).
 Are you waiting to get hit?  Use 'm' prefix to force a no-op (to rest).
 Are you waiting to get hit?  Use 'm' prefix to force a no-op (to rest).
 Are you waiting to get hit?  Use 'm' prefix to force a no-op (to rest).
 Are you waiting to get hit?  Use 'm' prefix to force a no-op (to rest).
 Are you waiting to get hit?  Use 'm' prefix to force a no-op (to rest).
 Are you waiting to get hit?  Use 'm' prefix to force a no-op (to rest).
 Are you waiting to get hit?  Use 'm' prefix to force a no-op (to rest).
 Are you waiting to get hit?  Use 'm' prefix to force a no-op (to rest).
 Are you waiting to get hit?  Use 'm' prefix to force a no-op (to rest).
 Are you waiting to get hit?  Use 'm' prefix to force a no-op (to rest).
 Are you waiting to get hit?  Use 'm' prefix to force a no-op (to rest).
 Are you waiting to get hit?  Use 'm' prefix to force a no-op (to rest).
 Are you waiting to get hit?  Use 'm' prefix to force a no-op (to rest).
 Are you waiting to get hit?  Use 'm' prefix to force a no-op (to rest).
 Are you waiting to get hit?  Use 'm' prefix to force a no-op (to rest).
 Are you waiting to get hit?  Use 'm' prefix to force a no-op (to rest).
 Are you waiting to get hit?  Use 'm' prefix to force a no-op (to rest).
 Are you waiting to get hit?  Use 'm' prefix to force a no-op (to rest).
 Are you waiting to get hit?  Use 'm' prefix to force a no-op (to rest).
 You already found a monster.  Use 'm' prefix to force another search.
 You already found a monster.  Use 'm' prefix to force another search.
 You already found a monster.  Use 'm' prefix to force another search.
 You already found a monster.  Use 'm' prefix to force another search.
 You already found a monster.  Use 'm' prefix to force another search.
 You already found a monster.  Use 'm' prefix to force another search.
 You already found a monster.  Use 'm' prefix to force another search.
 You already found a monster.  Use 'm' prefix to force another search.
 You already found a monster.  Use 'm' prefix to force another search.
 You already found a monster.  Use 'm' prefix to force another search.
 You already found a monster.  Use 'm' prefix to force another search.
 You already found a monster.  Use 'm' prefix to force another search.
 You already found a monster.  Use 'm' prefix to force another search.
 You already found a monster.  Use 'm' prefix to force another search.
 You already found a monster.  Use 'm' prefix to force another search.
 You stop.  Idefix is in the way!
 Ga'er zaps a crystal wand!
 The wand misses you.
 Ga'er zaps a crystal wand!
 The wand hits you!
 You die...
 Ga'er takes all your possessions.
 Do you want to see what you had when you died? [ynq] (y) y
 Do you want to see your attributes? [ynq] (y) y
 Do you want an account of creatures vanquished? [ynaq] (y) y
 Do you want to see your conduct and achievements? [ynq] (y) y
 Do you want to see the dungeon overview? [ynq] (y) n

Inventory:
 Weapons  (')')
  a - a +0 battle-axe (alternate weapon; not wielded)
 Armor    ('[')
  j - an uncursed +0 orcish helm (being worn)
  l - an uncursed +0 leather armor (being worn)
 Comestibles  ('%')
  r - an uncursed cream pie
  k - 3 uncursed food rations
  o - an uncursed egg
 Spellbooks  ('+')
  f - an uncursed spellbook of healing
 Rings    ('=')
  e - a cursed ring of hunger
 Tools    ('(')
  m - an uncursed lock pick

1234561 the Barbarian's attributes:

Background:
 You were a Pillager, a level 3 male human Barbarian.
 You were chaotic, nominally on a mission for Set
 who was opposed by Mitra (lawful) and Crom (neutral).
 You were right-handed.
 You were in the Dungeons of Doom, on level 3.
 You entered the dungeon 1687 turns ago.
 It was nighttime.
 You had 41 experience points, 39 more were needed to attain level 4.

Basics:
 You had 0 out of 37 hit points.
 You had all 8 energy points (spell power).
 Your armor class was 7.
 Your wallet was empty.
 Autopickup was off.

Final Characteristics:
 Your strength was 18/01 (limit:18/100).
 Your dexterity was 16 (limit:18).
 Your constitution was 18 (limit:18).
 Your intelligence was 7 (limit:18).
 Your wisdom was 7 (limit:18).
 Your charisma was 8 (limit:18).

Final Status:
 You weren't hungry.
 You were unencumbered.
 You were bare handed.
 You had basic skill with bare handed combat.

Final Attributes:
 You were devoutly aligned.
 You were poison resistant.
 You were warded.
 You are dead.

Miscellaneous:
 You didn't encounter any bones levels.
 Total elapsed playing time was 2 hours, 53 minutes and 52 seconds.

Major events:
 Turn
    1: 1234561 the chaotic male human Barbarian entered the dungeon
 1413: attained the rank of Pillager (level 3)
 1687: killed by a wand

You didn't know any spells.

Skills:
 Fighting Skills
   bare handed combat [Basic]
   two weapon combat  [Unskilled]
   riding             [Unskilled]
 Weapon Skills
   dagger             [Unskilled]
   axe                [Basic]
   pick-axe           [Unskilled]
   short sword        [Basic]
   broadsword         [Unskilled]
   long sword         [Unskilled]
   two-handed sword   [Unskilled]
   saber              [Unskilled]
   club               [Unskilled]
   mace               [Unskilled]
   morning star       [Unskilled]
   flail              [Unskilled]
   hammer             [Unskilled]
   quarterstaff       [Unskilled]
   spear              [Unskilled]
   trident            [Unskilled]
   bow                [Unskilled]
 Spellcasting Skills
   attack spells      [Unskilled]
   escape spells      [Unskilled]

Voluntary challenges:
 Character rerolling was not enabled.
 You were vegetarian.
 You were an atheist.
 You were illiterate.
 You never genocided any monsters.
 You never polymorphed an object.
 You never changed form.
 You used no wishes.
Achievements:
 You attained the rank of Pillager.
 You entered a shop.

 The Dungeons of Doom: levels 1 to 3
    Level 1:
       A fountain, a sink.
    Level 2:
       A fountain, a sink.
    Level 3: <- You were here.
       A vegetarian food shop.
       Final resting place for
          you, killed by a wand.
 The Tutorial:
    Level 1:


Vanquished creatures:
  a giant rat
  2 geckos
  6 jackals
  a fox
  a kobold
  a goblin
  a sewer rat
  a bat
  5 lichens
  3 newts
22 creatures vanquished.

No species were genocided or became extinct.

Game over:
                       ----------
                      /          \
                     /    REST    \
                    /      IN      \
                   /     PEACE      \
                  /                  \
                  |     1234561      |
                  |       0 Au       |
                  | killed by a wand |
                  |                  |
                  |                  |
                  |                  |
                  |       2026       |
                 *|     *  *  *      | *
        _________)/\\_//(\/(/\)/\//\/|_)_______

Goodbye 1234561 the Barbarian...

You died in The Dungeons of Doom on dungeon level 3 with 264 points,
and 0 pieces of gold, after 1687 moves.
You were level 3 with a maximum of 37 hit points when you died.

